 Dungeon Crawl Stone Soup version 0.26.1-11-gd32895ea62 (webtiles) character file.

Game seed: 2822503844295273694

916 Zeld the Slinger (level 8, 0/52 HPs)
             Began as a Halfling Hunter on June 15, 2021.
             Was a Follower of Fedhas.
             Killed from afar by an orc wizard (5 damage)
             ... with a magic dart
             ... on level 6 of the Dungeon.
             The game lasted 00:13:30 (5884 turns).

Zeld the Slinger (Halfling Hunter)                  Turns: 5884, Time: 00:13:30

Health: 0/52       AC:  6    Str: 15    XL:     8   Next: 30%
Magic:  8/8        EV: 15    Int:  9    God:    Fedhas [*.....]
Gold:   239        SH:  4    Dex: 15    Spells: 7/7 levels left

rFire    . . .     SeeInvis +   b - +2 short sword (venom)
rCold    . . .     Faith    .   q - +0 buckler
rNeg     . . .     Spirit   .   c - +0 leather armour
rPois    .         Reflect  .   j - +0 helmet
rElec    .         Harm     .   l - +0 cloak
rCorr    .         Rampage  .   (no gloves)
Will     .....                  o - +0 pair of boots
Stlth    ++........             (no amulet)
HPRegen  0.17/turn              f - ring of see invisible
MPRegen  0.11/turn              (no ring)

@: no status effects
A: small, mutation resistance 1
a: Renounce Religion


You were on level 6 of the Dungeon.
You worshipped Fedhas.
Fedhas was aware of your devotion.
You visited 2 branches of the dungeon, and saw 7 of its levels.
You also visited: Sewer.

You collected 239 gold pieces.

Inventory:

Hand Weapons
 a - a +1 hunting sling
 b - a +2 short sword of venom (weapon)
Missiles
 d - 60 sling bullets
 e - 163 stones (quivered)
Armour
 c - a +0 leather armour (worn)
 j - a +0 helmet (worn)
 l - a +0 cloak (worn)
 o - a +0 pair of boots (worn)
 q - a +0 buckler (worn)
Jewellery
 f - a ring of see invisible (left hand)
 v - an uncursed ring of protection from cold
Scrolls
 h - 2 scrolls of teleportation
 r - 4 scrolls of remove curse
 w - 2 scrolls of blinking
Potions
 g - a potion of magic
 i - 2 potions of flight {unknown}
 m - a potion of berserk rage {unknown}
 n - a potion of invisibility {unknown}
 p - 3 potions of heal wounds {unknown}
 s - a potion of lignification {unknown}
 t - a potion of brilliance {unknown}
 x - a potion of curing {unknown}


   Skills:
 + Level 3.4 Fighting
 * Level 5.4 Short Blades
 * Level 9.1 Slings
 + Level 4.2 Dodging
 + Level 4.0 Stealth


You had 7 spell levels left.
You didn't know any spells.
Your spell library contained the following spells:

 Spells                   Type           Power        Failure   Level
 Confusing Touch          Hex            0%           94%         3
 Gell's Gravitas          Tloc           0%           94%         3
 Petrify                  Tmut/Erth      0%           100%        4
 Metabolic Englaciation   Hex/Ice        0%           100%        5
 Yara's Violent Unravell  Hex/Tmut       0%           100%        5


Dungeon Overview and Level Annotations

Branches:
Dungeon (6/15)             Temple (1/1) D:4           Sewer (visited)

Altars:
Ashenzari
Cheibriados
Dithmenos
Elyvilon
Fedhas
Gozag
Hepliaklqana
Kikubaaqudgha
Makhleb
Nemelex Xobeh
Qazlal
Sif Muna
Trog
Uskayaw
Vehumet
Xom
Yredelemnul
Zin
The Shining One

Shops:
D:6 =

Annotations:
D:6 1 runed translucent door


Innate Abilities, Weirdness & Mutations

You are small and have problems with some larger weapons.
You are somewhat resistant to further mutation.


Message History

The orc shouts!
You hear a shout! x2; The jackal barks!
The jackal bites you but does no damage.
An orc comes into view. It is wielding a +0 flail.
The jackal barks! x2
As you read the scroll of fear, it crumbles to dust.
You assume a fearsome visage.
The orc looks frightened! x2
The jackal looks frightened! x4
You hear a shout!
Unknown command.
An orc wizard comes into view. It is wielding a +2 vampiric dagger.
Found a runed translucent door.
Found 27 stones.
Fedhas accepts your kill.
You feel a bit more experienced.
Found a pair of gloves.
Cornered, the jackal turns to fight!
The orc wizard points at you and mumbles some strange words.
The magic dart hits you.
You die...
Fedhas appreciates your contribution to the ecosystem.

*** ###..** **,**
*,***###....* *,,*
*,,*,......o## **,,*
,*,,,,#......## **,,**
,,********#...# *,,,*
*** ##..## **,,,* ##..##
**,,.,*
#...####...$********
*##..@.......,,,,,,,*
*#............,,,,,***
*#.........hh..,,,,***
**#...........###**,,,,*
**..........h### ****,*
**,#....##+#### ***
**,,....(#.≈.#
****,,,.[.###.≈.#
*,,*,,,,,** *,≈,*


You could see an orc wizard and 3 jackals.

Vanquished Creatures
  An ogre (D:4)
  A centaur (D:4)
  A big kobold (Sewer)
  A scorpion (D:4)
  A water moccasin skeleton (D:5)
  A jelly (D:6)
  3 orc priests
  Crazy Yiuf (D:3)
  3 hounds
  3 orc wizards (D:4)
  A bullfrog skeleton (D:4)
  2 worker ants (D:4)
  3 gnolls (D:4)
  A howler monkey skeleton (D:5)
  4 adders
  A river rat (Sewer)
  2 oozes
  A worm (D:2)
  4 leopard geckos
  7 orcs
  5 giant cockroaches
  4 goblins
  4 hobgoblins (D:1)
  14 jackals
  9 kobolds
  3 quokkas
  5 bats
  3 frilled lizards (D:2)
  11 rats
100 creatures vanquished.

Notes
Turn   | Place    | Note
-------+----------+-------------------------------------------
     0 | D:1      | Zeld the Halfling Hunter began the quest for the Orb.
     0 | D:1      | Reached XP level 1. HP: 14/14 MP: 1/1
   249 | D:1      | Reached skill level 6 in Slings
   249 | D:1      | Reached XP level 2. HP: 19/19 MP: 2/2
   544 | D:1      | Reached skill level 1 in Short Blades
  1145 | D:2      | Reached XP level 3. HP: 24/24 MP: 3/3
  1836 | D:2      | Found a white marble altar of Elyvilon.
  1958 | D:3      | Found a glowing silver altar of Zin.
  2016 | D:3      | Reached XP level 4. HP: 29/29 MP: 4/4
  2109 | D:3      | Found a faded altar of an unknown god.
  2154 | D:3      | Found an opulent altar of Gozag.
  2295 | D:3      | Found a runed translucent door.
  2296 | D:3      | Noticed Crazy Yiuf
  2318 | D:3      | Killed Crazy Yiuf
  2319 | D:3      | Reached XP level 5. HP: 29/35 MP: 1/5
  2453 | D:4      | Noticed an ogre
  2457 | D:4      | Killed an ogre
  2458 | D:4      | Reached skill level 7 in Slings
  2458 | D:4      | Reached XP level 6. HP: 41/41 MP: 6/6
  2474 | D:4      | Noticed an orc warrior
  3761 | D:4      | Reached XP level 7. HP: 41/45 MP: 7/7
  3765 | D:4      | Found a staircase to the Ecumenical Temple.
  3780 | Temple   | Entered the Ecumenical Temple
  4053 | D:4      | Reached skill level 8 in Slings
  4388 | D:4      | Found a glowing golden altar of the Shining One.
  4648 | D:5      | Entered Level 5 of the Dungeon
  4760 | D:5      | Reached skill level 5 in Short Blades
  4760 | D:5      | Reached XP level 8. HP: 41/52 MP: 8/8
  4908 | D:5      | Found a blossoming altar of Fedhas.
  4917 | D:5      | Became a worshipper of Fedhas Madash
  5043 | D:5      | Found a broken altar of Ashenzari.
  5121 | D:5      | You fall into a shaft and drop 1 floor!
  5138 | D:6      | Found a glowing drain.
  5140 | D:6      | Found Jogedd's Jewellery Shoppe.
  5169 | Sewer    | Entered a sewer
  5706 | Sewer    | Reached * piety under Fedhas
  5812 | Sewer    | Found a glowing silver altar of Zin.
  5868 | D:6      | Reached skill level 9 in Slings
  5881 | D:6      | Found a runed translucent door.
  5884 | D:6      | Killed from afar by an orc wizard

Illustrated notes

Levels and vault maps discovered:
D:1:      heliophobic_arrival_glass_houses, layout_loops_ring
D:2:      wad_crossroads, layout_basic, nicolae_overflow_hidden_temple,
          minmay_tetromino_l2
D:3:      layout_basic, pdpol_temple_overflow_zin_treasury_gozag_greed,
          chequers_ecumenical_altar_island, uniq_crazy_yiuf_cottage
D:4:      layout_basic, kennysheep_little_box, minmay_temple_entry_ruins,
          hangedman_abyss_or_decor_lesser_grid
D:5:      layout_basic, fedhas_ov_isle_minmay, gammafunk_temple_overflow_pools,
          serial_shops, nicolae_shop_behind_doors, ashenzari_altar_1
D:6:      layout_layer_cave, kennysheep_mini_moat, overflow_temple_1_default,
          gup_sewer_entry_glass, serial_shops,
          nicolae_shop_competitors_out_of_business,
          ebering_ghost_reflecting_pool, minmay_manual_mandibuliform,
          uniq_sigmund, uniq_maggie
Temple:   oiseaux_autumnal_temple

Skill      XL: |  1  2  3  4  5  6  7  8 |
---------------+-------------------------+-----
Slings         | 6 7 8 9 |  9.1
Short Blades   | 1 2 3 4 5 |  5.4
Fighting       | 2 3 |  3.4
Stealth        | 2 3 4 |  4.0
Dodging        | 3 4 |  4.2

Action                   |  1- 3 |  4- 6 |  7- 9 || total
-------------------------+-------+-------+-------++-------
Melee: Short sword       |    11 |    28 |   123 ||   162
 Fire: Hunting sling     |    49 |    48 |    48 ||   145
Evoke: Wand              |       |     1 |       ||     1
  Use: Scroll            |       |       |    12 ||    12
 Stab: Sleeping          |       |       |     1 ||     1
Armor: Leather armour    |     4 |     5 |    32 ||    41
Dodge: Dodged            |    10 |    12 |    92 ||   114
Block: Buckler           |       |     5 |    30 ||    35
